 Dungeon Crawl Stone Soup version 0.16.0 (webtiles) character file.

81 Minkie the Ruffian (level 4, -2/38 HPs)
             Began as a Draconian Transmuter on Mar 19, 2015.
             Slain by a gnoll
             ... wielding a +0 spear
              (10 damage)
             ... on level 3 of the Dungeon.
             The game lasted 00:06:03 (1705 turns).

Minkie the Ruffian (Draconian Transmuter)           Turns: 1705, Time: 00:06:03

Health: -2/38      AC: 11    Str: 12    XL:     4   Next: 20%
Magic:  7/7        EV: 12    Int: 15    God:
Gold:   96         SH:  0    Dex: 11    Spells: 1 memorised, 6 levels left

rFire  . . .     SeeInvis .     j - +1 dagger (drain)
rCold  . . .     Clarity  .     (armour unavailable)
rNeg   . . .     SustAb   .     (no shield)
rPois  .         Gourm    .     (helmet restricted)
rElec  .         Spirit   .     (no cloak)
rCorr  .         Warding  .     t - +0 pair of gloves
rMut   .         Stasis   .     (no boots)
MR     .....                    (no amulet)
Stlth  +.........               (no ring)
                                k - +5 ring of protection

@: not resistant to hostile enchantments, very unstealthy
A: unfitting armour, cold-blooded, AC +5
a: no special abilities


You were on level 3 of the Dungeon.
You were not hungry.

You visited 1 branch of the dungeon, and saw 3 of its levels.

You collected 96 gold pieces.

Inventory:

Hand weapons
 j - a +1 dagger of draining (weapon)
Missiles
 b - 2 poisoned needles
 f - 6 javelins (quivered)
Armour
 t - a +0 pair of gloves (worn)
Jewellery
 k - a +5 ring of protection (left hand)
 m - an uncursed ring of fire
Scrolls
 e - 3 scrolls of teleportation {unknown}
 g - 2 scrolls of enchant armour {unknown}
 h - 5 scrolls of enchant weapon {unknown}
 i - 2 scrolls of identify {unknown}
 l - 2 scrolls of remove curse {unknown}
 n - 2 scrolls of recharging {unknown}
 r - a scroll of amnesia {unknown}
Potions
 c - a potion of cancellation {unknown}
 o - a potion of resistance {unknown}
Books
 d - a book of Changes

   Spells                             Type                      Level
   a - Beastly Appendage              Transmutation                1
   b - Sticks to Snakes               Transmutation                2
   c - Spider Form                    Transmutation/Poison         3
   d - Ice Form                       Ice/Transmutation            4
   e - Blade Hands                    Transmutation                5
Comestibles
 a - 3 bread rations
 q - a royal jelly
 s - a slice of pizza


   Skills:
 + Level 3.4 Fighting
 + Level 2.2 Dodging
 + Level 3.6 Unarmed Combat
 - Level 2.0 Spellcasting
 - Level 2.0 Transmutations


You had 6 spell levels left.
You knew the following spells:

 Your Spells              Type           Power        Failure   Level  Hunger
a - Beastly Appendage     Trmt           #.....       12%         1    #......


Dungeon Overview and Level Annotations

Branches:
Dungeon (3/15)

Altars:
Makhleb
Vehumet
The Shining One

Annotations:
D:3 KingBobson's ghost, average DsCK; Sigmund


Innate Abilities, Weirdness & Mutations

Your plain brown scales are hard (AC +5).
Your body does not fit into most forms of armour.
Your cold-blooded metabolism reacts poorly to cold.


Message History

The gnoll closely misses you.
You hear a shout! x2
Found a scroll labeled WALLOKL GHELERI.
There is a stone staircase leading up here.
You hit the gnoll!
The gnoll is severely wounded.
The gnoll hits you with a spear!
The gnoll hits you from afar with a spear!
The gnoll hits you.
You completely miss the gnoll.
The gnoll is severely wounded.
The gnoll closely misses you. The gnoll misses you.
The gnoll hits you from afar with a spear.
* * * LOW HITPOINT WARNING * * *
An orc priest comes into view. It is wielding a falchion.
The gnoll hits you.
* * * LOW HITPOINT WARNING * * *
The gnoll closely misses you.
The gnoll hits you from afar with a spear!
You die... ###### ##.....# ##.......# #....)....# #.........# . #....=....# ?oo

##.........########.....#
#..†<..%...W...g@ggg#
...g.......##########
.#gwg......# #.........#
#{.....>..# ........W.#
#.......... ####......
.....#


You could see an orc priest, KingBobson's ghost, 4 gnolls and an orc.

Vanquished Creatures
  4 worms (D:2)
  A giant gecko (D:2)
  An ooze (D:2)
  4 giant cockroaches
  4 goblins
  4 hobgoblins
  2 jackals (D:1)
  2 kobolds
  4 quokkas (D:2)
  A ball python (D:1)
  2 bats
  A giant newt (D:2)
  34 rats
64 creatures vanquished.

Notes
Turn   | Place    | Note
--------------------------------------------------------------
     0 | D:1      | Minkie, the Draconian Transmuter, began the quest for the Orb.
     0 | D:1      | Reached XP level 1. HP: 16/16 MP: 3/3
   183 | D:1      | Reached XP level 2. HP: 18/23 MP: 4/4
   811 | D:2      | Found a glowing golden altar of the Shining One.
   977 | D:2      | Reached XP level 3. HP: 28/30 MP: 6/6
  1061 | D:2      | Found a radiant altar of Vehumet.
  1168 | D:2      | Found a burning altar of Makhleb.
  1344 | D:2      | Reached XP level 4. HP: 34/38 MP: 7/7
  1619 | D:3      | Noticed Sigmund
  1619 | D:3      | Noticed KingBobson's ghost (average DsCK)
  1705 | D:3      | Slain by a gnoll

Action                   |  1- 3 |  4- 6 || total
-------------------------+-------+-------++-------
Melee: Unarmed           |    35 |       ||    35
       Dagger            |    89 |    27 ||   116
  Eat: Chunk             |     1 |     2 ||     3
